 Dungeon Crawl Stone Soup version 0.29.0-4-gdea44cf6ec (webtiles) character file.

Game seed: 17489169702733355244

75 qw the Ruffian (level 4, -3/35 HPs)
             Began as a Ghoul Fire Elementalist on Aug 29, 2022.
             Slain by Grinder (8 damage)
             ... on level 3 of the Dungeon.
             The game lasted 00:02:15 (2906 turns).

qw the Ruffian (Ghoul Fire Elementalist)            Turns: 2906, Time: 00:02:15

Health: -3/35      AC:  8    Str: 13    XL:     4   Next: 31%
Magic:  5/5        EV:  5    Int: 10    God:
Gold:   37         SH:  0    Dex:  9    Spells: 5/6 levels left

rFire   . . .      SeeInvis .     - Unarmed
rCold   + . .      Faith    .   (no shield)
rNeg    + + +      Spirit   .   e - +0 chain mail
rPois   inf        Reflect  .   (no helmet)
rElec   .          Harm     .   (no cloak)
rCorr   .          Rampage  .   (no gloves)
Will    .....                   (no boots)
Stlth   ..........              (no amulet)
HPRegen 0.00/turn               (no ring)
MPRegen 0.09/turn               (no ring)

@: inhibited regen
A: claws 1, cold resistance 1, negative energy resistance 3, inhibited
regeneration, torment resistance 2, devour on kill
a: no special abilities


You were on level 3 of the Dungeon.
You visited 1 branch of the dungeon, and saw 3 of its levels.

You collected 153 gold pieces.
You spent 116 gold pieces at shops.


Innate Abilities, Weirdness & Mutations

You are immune to poison.
You have sharp fingernails.
Your flesh is cold resistant. (rC+)
You are immune to negative energy. (rN+++)
You do not regenerate when monsters are visible.
You are immune to unholy pain and torment.
You thrive by killing the living.


   Skills:
 - Level 1.1 Fighting
 - Level 1.7 Dodging
 - Level 2.1 Stealth
 + Level 3.9 Unarmed Combat
 - Level 1.7 Spellcasting
 - Level 0.7 Conjurations
 - Level 2.4 Fire Magic


You had 5 spell levels left.
You knew the following spells:

 Your Spells              Type           Power      Damage    Failure   Level
a - Foxfire               Conj/Fire      16%        2x1d4     99%         1

Your spell library contained the following spells:

 Spells                   Type           Power      Damage    Failure   Level
 Scorch                   Fire           10%        2d6       100%        2
 Conjure Flame            Conj/Fire      4%         6-21      100%        3
 Inner Flame              Hex/Fire       3%         N/A       100%        3
 Flame Wave               Conj/Fire      4%         2d5       100%        4

Inventory:

Armour
 e - a +0 chain mail (worn)
Scrolls
 b - a scroll of poison {unknown}
 d - a scroll of amnesia {unknown}
 g - a scroll of identify
 h - a scroll of enchant weapon {unknown}
Potions
 a - 2 potions of heal wounds {unknown}
 c - 2 potions of curing
 f - a potion of might {unknown}
 i - a potion of lignification {unknown}
 j - a potion of attraction {unknown}

Dungeon Overview and Level Annotations

Branches:
Dungeon (3/15)

Altars:
Cheibriados

Shops:
D:2 (   D:3 *

Annotations:
D:3 Grinder


Message History

Grinder is moderately wounded.
Grinder gestures at you. You resist with significant effort.
You scratch Grinder.
Grinder is heavily wounded.
You barely miss Grinder.
Grinder is heavily wounded.
Grinder barely misses you.
You scratch Grinder.
Grinder is severely wounded.
Grinder hits you.
You closely miss Grinder.
Grinder is severely wounded.
Grinder hits you.
You closely miss Grinder.
Grinder is severely wounded.
Grinder blinks!
Found a dagger.
Found 5 stones.
Grinder hits you.
You barely miss Grinder.
Grinder is severely wounded.
Grinder hits you but does no damage.
You closely miss Grinder.
Grinder is severely wounded.
Grinder barely misses you.
You barely miss Grinder.
Grinder is heavily wounded.
Grinder barely misses you.
You scratch Grinder.
Grinder is severely wounded.
Grinder blinks!
You closely miss Grinder.
Grinder is severely wounded.
Grinder hits you but does no damage.
You barely miss Grinder.
Grinder is severely wounded.
Grinder says, "There's only one good use for a tongue: cutting it out."
Grinder hits you!
You die...

#.#.#.###.#.# #.
#...#.# #.#.# #.
#####.# #...# #.
#.# #...# #% #.#
#...# ##
##.###...##
#..........
#...<...)..
#..@.......
........5....^+
..............#
................
.....#.........#
..(###.........#
### ..........#
......######


You could see Grinder.

Vanquished Creatures
  3 adders (D:2)
  6 ball pythons
  4 bats
  5 endoplasms
  4 giant cockroaches
  6 goblins
  3 hobgoblins
  A quokka (D:1)
  2 frilled lizards
  5 kobolds
  6 rats
45 creatures vanquished.

Notes
Turn   | Place    | Note
-------+----------+-------------------------------------------
     0 | D:1      | qw the Ghoul Fire Elementalist began the quest for the Orb.
     0 | D:1      | Reached XP level 1. HP: 14/14 MP: 2/2
     0 | D:1      | 0 ||| qw: Version: 0.1-a-90-g952f4b7
     0 | D:1      | 0 ||| qw: Game counter: 3777
     0 | D:1      | 0 ||| qw: Always use a shield: true
     0 | D:1      | 0 ||| qw: God list: Okawaru
     0 | D:1      | 0 ||| qw: Allow faded altars: false
     0 | D:1      | 0 ||| qw: Do Orc after D:15 true
     0 | D:1      | 0 ||| qw: Do second Lair branch before Depths: true
     0 | D:1      | 0 ||| qw: Lair rune preference: random
     0 | D:1      | 0 ||| qw: Plans: Normal
     0 | D:1      | 0 ||| PLANNING D:1-11
   133 | D:1      | Found a faded altar of an unknown god.
   141 | D:1      | Reached skill level 1 in Unarmed Combat
   170 | D:1      | 170 ||| Stepping ~*~*~tactically~*~*~ (stealth).
   190 | D:1      | Reached XP level 2. HP: 21/22 MP: 3/3
   221 | D:1      | Reached skill level 1 in Fighting
   504 | D:1      | HP: 5/23 [frilled lizard (2)]
   946 | D:1      | Reached skill level 2 in Unarmed Combat
  1615 | D:1      | Reached XP level 3. HP: 28/28 MP: 4/4
  1623 | D:1      | 1623 ||| UPGRADING to +0 chain mail.
  1633 | D:1      | 1633 ||| DROPPING +0 robe.
  1634 | D:1      | 1634 ||| READING 3 scrolls labelled OTENAONW GUIM.
  1635 | D:1      | 1635 ||| READING scroll labelled FOSODAMUMO.
  1636 | D:1      | 1636 ||| READING scroll labelled UTI ENNITUCLE.
  1637 | D:1      | 1637 ||| READING scroll labelled BAGIUCE KO FOO.
  1638 | D:1      | 1638 ||| READING 2 scrolls of identify.
  1638 | D:1      | 1638 ||| IDENTIFYING fizzy clear potion
  1639 | D:1      | 1639 ||| DROPPING potion of magic.
  1983 | D:2      | 1983 ||| Stepping ~*~*~tactically~*~*~ (outnumbered).
  2015 | D:2      | Found Fysuasu's Weapon Boutique.
  2089 | D:2      | Reached skill level 3 in Unarmed Combat
  2093 | D:2      | 2093 ||| Stepping ~*~*~tactically~*~*~ (stealth).
  2431 | D:2      | 2431 ||| Stepping ~*~*~tactically~*~*~ (stealth).
  2478 | D:2      | Reached XP level 4. HP: 23/35 MP: 5/5
  2645 | D:2      | 2645 ||| READING scroll labelled AKHLOS YNEMEWE.
  2646 | D:2      | 2646 ||| READING 3 scrolls of identify.
  2646 | D:2      | 2646 ||| IDENTIFYING brown potion
  2647 | D:2      | 2647 ||| READING 2 scrolls of identify.
  2647 | D:2      | 2647 ||| IDENTIFYING smoky pink potion
  2648 | D:2      | 2648 ||| DROPPING potion of brilliance.
  2649 | D:2      | 2649 ||| DROPPING potion of berserk rage.
  2707 | D:3      | Found Lyptum's Assorted Antiques.
  2745 | D:3      | 2745 ||| BUYING potion of curing (87 gold).
  2745 | D:3      | Bought a potion of curing for 87 gold pieces
  2745 | D:3      | 2745 ||| SHOPLISTING potion of curing (87 gold, have 52).
  2745 | D:3      | 2745 ||| BUYING scroll labelled CAPSUG LELU (29 gold).
  2745 | D:3      | Bought a scroll labelled CAPSUG LELU for 29 gold pieces
  2745 | D:3      | 2745 ||| SHOPLISTING scroll labelled ENIWISHRU SIDWA (29
                  | gold, have 23).
  2745 | D:3      | 2745 ||| SHOPLISTING scroll labelled FOMUSS CAEFEWN (29
                  | gold, have 23).
  2745 | D:3      | 2745 ||| SHOPLISTING scroll of identify (58 gold, have 23).
  2746 | D:3      | 2746 ||| Stepping ~*~*~tactically~*~*~ (stealth).
  2748 | D:3      | Found a snail-covered altar of Cheibriados.
  2749 | D:3      | 2749 ||| Stepping ~*~*~tactically~*~*~ (stealth).
  2870 | D:3      | Noticed Grinder
  2883 | D:3      | Paralysed by Grinder for 2 turns
  2885 | D:3      | 2885 ||| Stepping ~*~*~tactically~*~*~ (hiding).
  2886 | D:3      | 2886 ||| Stepping ~*~*~tactically~*~*~ (hiding).
  2899 | D:3      | HP: 5/35 [Grinder (5)]
  2906 | D:3      | Slain by Grinder

Levels and vault maps discovered:
D:1:      matt_arrival_los_fun, layout_loops_corners,
          dreamdust_ecumenical_altar_angels_and_demons
D:2:      layout_basic, serial_shops, shop
D:3:      kennysheep_slugbush, layout_basic,
          mainiacjoe_overflow_six_doors_small, lemuel_crystal_altar,
          serial_shops, nicolae_shop_overgrown_old_shop, uniq_sigmund,
          uniq_grinder

Skill      XL: |  1  2  3 |
---------------+----------+-----
Unarmed Combat | 1 2 3 |  3.9
Fighting       | 1 |  1.1
Dodging        | |  1.7
Stealth        | |  2.1
Spellcasting   | |  1.7
Conjurations   | |  0.7
Fire Magic     | |  2.4

Action                   |  1- 3 |  4- 6 || total
-------------------------+-------+-------++-------
Melee: Unarmed           |   144 |    52 ||   196
       Punch             |     1 |       ||     1
  Use: Scroll            |     5 |     3 ||     8
 Stab: Sleeping          |     1 |       ||     1
Armor: Robe              |    13 |       ||    13
       Chain mail        |    22 |    23 ||    45
Dodge: Dodged            |    51 |    10 ||    61

Table legend:
 A = Non-vault XP
 B = Vault XP
 C = Vault XP percentage of total XP
 D = Non-vault monster count
 E = Vault monster count
 F = Vault count percentage of total count
                 A         B        C        D         E       F
            +---------+---------+-------+---------+---------+-------
      Total |     108 |       0 |   0.0 |      45 |       0 |   0.0
            +---------+---------+-------+---------+---------+-------
        D:1 |      35 |       0 |   0.0 |      21 |       0 |   0.0
        D:2 |      61 |       0 |   0.0 |      16 |       0 |   0.0
        D:3 |      12 |       0 |   0.0 |       8 |       0 |   0.0
            +---------+---------+-------+---------+---------+-------
